 Dungeon Crawl Stone Soup version 0.27.1-34-g3ba077fa99 (webtiles) character file.

Game seed: 10893938956820968357

954 MisterFreud the Basher (level 7, -13/67 HPs)
             Began as a Troll Berserker on Jan 30, 2022.
             Was a Priest of Trog.
             Mangled by an ogre (28 damage)
             ... on level 5 of the Dungeon.
             The game lasted 00:05:12 (3070 turns).

MisterFreud the Basher (Troll Berserker)            Turns: 3070, Time: 00:05:12

Health: -13/67     AC:  7    Str: 26    XL:     7   Next: 91%
Magic:  6/6        EV: 10    Int:  4    God:    Trog [***...]
Gold:   147        SH:  0    Dex: 10    Spells: 6/6 levels left

rFire    . . .     SeeInvis +   a - +0 mace
rCold    . . .     Faith    .   (no shield)
rNeg     . . .     Spirit   .   b - +0 animal skin
rPois    .         Reflect  .   i - +2 hat {SInv}
rElec    .         Harm     .   f - +0 cloak
rCorr    .         Rampage  .   (gloves unavailable)
Will     .....                  (boots unavailable)
Stlth    +.........             (no amulet)
HPRegen  1.21/turn              (no ring)
MPRegen  0.10/turn              (no ring)

@: on berserk cooldown, slowed, very slow
A: large, unfitting armour, claws 3, regeneration 1, shaggy fur 1, tough skin 1
a: Renounce Religion, Berserk, Trog's Hand


You were on level 5 of the Dungeon.
You worshipped Trog.
Trog was most pleased with you.
You visited 1 branch of the dungeon, and saw 5 of its levels.

You collected 147 gold pieces.

Inventory:

Hand Weapons
 a - a +0 mace (weapon)
Missiles
 c - 61 poisoned darts (quivered)
Armour
 b - a +0 animal skin (worn)
 f - a +0 cloak (worn)
 i - a +2 hat of see invisible (worn)
Scrolls
 e - 4 scrolls of teleportation
 l - a scroll of magic mapping
 m - a scroll of amnesia
 n - a scroll of identify {unknown}
Potions
 d - 2 potions of curing {unknown}
 g - a potion of resistance {unknown}
 h - 2 potions of attraction {unknown}
 j - a potion of degeneration {unknown}
 k - 2 potions of lignification {unknown}


   Skills:
 + Level 3.3 Fighting
 - Level 8.0 Maces & Flails
 + Level 0.0 Throwing
 + Level 3.3 Dodging


You had 6 spell levels left.
You didn't know any spells.
Your spell library was empty.

Dungeon Overview and Level Annotations

Branches:
Dungeon (5/15)
 Temple: D:4-7

Altars:
Ashenzari
Cheibriados
Hepliaklqana
Makhleb
Okawaru
Qazlal
Zin

Annotations:
D:5 1 runed translucent door, Crazy Yiuf


Innate Abilities, Weirdness & Mutations

You are too large for most types of armour.
You have claws for hands.
Your natural rate of healing is unusually fast.
You are covered in fur. (AC +1)
You have tough skin. (AC +1)


Message History

You barely miss the orc. You barely miss the orc.
The orc hits you with a +0 whip.
You bludgeon the orc!!
You kill the orc!
Trog accepts your kill.
l - a scroll of magic mapping;
n - a scroll labelled LUNASO VOASOE You now have 147 gold pieces (gained 40).
Items here: )) [ ††.
You are no longer berserk.
You are exhausted.
You feel yourself slow down.
c - 61 poisoned darts (gained 10) Unknown command.
Unknown command.
Things that are here:
a +0 flail; an orc corpse
Items here: )) [ ††.
Found a stone staircase leading up.
Found a stormy altar of Qazlal.
An ogre comes into view. It is wielding a +0 giant spiked club.
An ogre is nearby!
Found 8 stones.
The ogre closely misses you.
You hit the ogre.
The ogre is lightly wounded.
The ogre closely misses you.
You hit the ogre but do no damage.
The ogre is lightly wounded.
The ogre barely misses you.
You thump the ogre!
The ogre is heavily wounded.
The ogre hits you with a +0 giant spiked club!!
You hit the ogre.
The ogre is heavily wounded.
The ogre hits you with a +0 giant spiked club!
You sock the ogre!
The ogre is severely wounded.
The ogre hits you with a +0 giant spiked club!!
* * * LOW HITPOINT WARNING * * *
The ogre hits you with a +0 giant spiked club!!
You die...

#........# #...≈.≈..#
#...§§§..## #....§.≈..#
#..≈.§....#####
#....≈.....<..# ##
#.....O.......# #.#
...##.@......# ..
(.............# .
..............########
....................>.#
...........######.....##
...........#####........
.................:....#.
...........)............
...........)...........


You could see an ogre.

Vanquished Creatures
  2 black bears
  A necrophage (D:4)
  An ogre (D:5)
  A kobold brigand (D:5)
  A centaur zombie (D:5)
  4 orc priests
  A gnoll shaman (D:4)
  2 hounds (D:4)
  An iguana (D:4)
  An orc wizard (D:4)
  Natasha (twice) (D:2)
  A hound zombie (D:5)
  3 gnolls (D:4)
  5 adders
  A dart slug (D:4)
  9 orcs
  7 ball pythons
  6 bats
  10 endoplasms
  A giant cockroach (D:4)
  7 hobgoblins
  5 quokkas
  4 goblins
  8 kobolds
  8 rats
92 creatures vanquished.

Vanquished Creatures (others)
  An orc wizard (D:4)
1 creature vanquished.

Grand Total: 93 creatures vanquished

Notes
Turn   | Place    | Note
-------+----------+-------------------------------------------
     0 | D:1      | MisterFreud the Troll Berserker began the quest for the
                  | Orb.
     0 | D:1      | Reached XP level 1. HP: 22/22 MP: 0/0
    34 | D:1      | Reached skill level 3 in Maces & Flails
   112 | D:1      | Reached XP level 2. HP: 29/29 MP: 1/1
   128 | D:1      | Found a faded altar of an unknown god.
   369 | D:1      | Reached ** piety under Trog
   411 | D:1      | Reached XP level 3. HP: 36/36 MP: 2/2
   699 | D:2      | Noticed Natasha
   710 | D:2      | Killed Natasha
   711 | D:2      | Reached skill level 4 in Maces & Flails
   891 | D:2      | Reached XP level 4. HP: 42/44 MP: 3/3
   901 | D:2      | Reached skill level 5 in Maces & Flails
   937 | D:2      | Found a hazy altar of Hepliaklqana.
  1010 | D:2      | You fall into a shaft and drop 1 floor!
  1258 | D:2      | Noticed Natasha
  1274 | D:2      | Killed Natasha
  1275 | D:2      | Reached XP level 5. HP: 28/50 MP: 4/4
  1757 | D:3      | Found a hazy altar of Hepliaklqana.
  1892 | D:4      | Found a glowing silver altar of Zin.
  1944 | D:4      | Reached *** piety under Trog
  1945 | D:4      | Reached skill level 6 in Maces & Flails
  2069 | D:4      | Identified a scroll of acquirement
  2069 | D:4      | Acquired a +2 hat of see invisible
  2113 | D:4      | Reached XP level 6. HP: 57/59 MP: 5/5
  2235 | D:4      | Found a snail-covered altar of Cheibriados.
  2372 | D:4      | Found a broken altar of Ashenzari.
  2423 | D:4      | Reached skill level 7 in Maces & Flails
  2642 | D:5      | Entered Level 5 of the Dungeon
  2655 | D:4      | Reached XP level 7. HP: 60/66 MP: 6/6
  2721 | D:5      | Found a runed translucent door.
  2722 | D:5      | Noticed Crazy Yiuf
  2863 | D:5      | Found an iron altar of Okawaru.
  2863 | D:5      | Found a burning altar of Makhleb.
  2948 | D:5      | Reached skill level 8 in Maces & Flails
  3062 | D:5      | Found a stormy altar of Qazlal.
  3070 | D:5      | Mangled by an ogre

Illustrated notes

Levels and vault maps discovered:
D:1:      onia_arrival_handbag, layout_basic, basic_ecumenical_altar,
          minmay_distorted
D:2:      layout_loops_ring, basic_altar, uniq_natasha
D:3:      layout_rooms, lemuel_coloured_pillars_altar
D:4:      layout_loops_ring, nicolae_overflow_hidden_temple, zin_treasury,
          cheibriados_altar_1
D:5:      layout_rooms, nicolae_qazlal_scattered_showers,
          gammafunk_temple_overflow_elements, uniq_crazy_yiuf_cottage

Skill      XL: |  1  2  3  4  5  6  7 |
---------------+----------------------+-----
Maces & Flails | 3 4 5 6 7 8 |  8.0
Fighting       | 3 |  3.3
Dodging        | 3 |  3.3

Action                   |  1- 3 |  4- 6 |  7- 9 || total
-------------------------+-------+-------+-------++-------
Melee: Mace              |    80 |   194 |    70 ||   344
Invok: Berserk           |     2 |     1 |     2 ||     5
       Trog's Hand       |     1 |     1 |       ||     2
  Use: Scroll            |       |     8 |       ||     8
Armor: Animal skin       |    27 |    70 |    24 ||   121
Dodge: Dodged            |    48 |   140 |    42 ||   230
